 Dungeon Crawl Stone Soup version 0.23.2-1-ga50397a6bc (webtiles) character file.

Game seed: 8116449347697749129

7386 Menchi the Blocker (level 11, 0/87 HPs)
             Began as a Gnoll Fighter on May 13, 2019.
             Was an Initiate of Gozag.
             Slain by Snorg (16 damage)
             ... on level 10 of the Dungeon.
             The game lasted 00:19:39 (6896 turns).

Menchi the Blocker (Gnoll Fighter)                  Turns: 6896, Time: 00:19:40

Health: 0/87       AC: 13    Str: 21    XL:     11   Next: 14%
Magic:  19/19      EV: 20    Int: 11    God:    Gozag
Gold:   1931       SH:  0    Dex: 18    Spells: 21/21 levels left

rFire    . . .     SeeInvis .   d - +5 halberd
rCold    . . .     Gourm    .   (shield currently unavailable)
rNeg     . . .     Faith    .   o - +2 leather armour {rPois}
rPois    +         Spirit   .   j - +0 helmet
rElec    .         Reflect  .   p - +0 cloak
rCorr    .         Harm     .   b - +2 pair of gloves
MR       .....                  x - +0 pair of boots
Stlth    +++.......             q - amulet of regeneration
HPRegen  0.64/turn              k - +4 ring of evasion
MPRegen  0.16/turn              v - +3 ring of dexterity

@: flying, hasted, very quick
A: distributed training, fangs 1, strong nose
a: Potion Petition, Call Merchant, Bribe Branch, Renounce Religion


You were on level 10 of the Dungeon.
You worshipped Gozag.
Gozag was most pleased with you.
You were not hungry.

You visited 1 branch of the dungeon, and saw 10 of its levels.

You collected 1975 gold pieces.
You paid 44 gold pieces to Gozag.

Inventory:

Hand Weapons
 d - a +5 halberd (weapon)
Armour
 b - a +2 pair of gloves (worn)
 c - a +0 shield
 i - a +1 robe of positive energy
 j - a +0 helmet (worn)
 o - a +2 leather armour of poison resistance (worn)
 p - a +0 cloak (worn)
 x - a +0 pair of boots (worn)
Jewellery
 k - a +4 ring of evasion (left hand)
 q - an amulet of regeneration (around neck)
 v - a +3 ring of dexterity (right hand)
 D - the ring of the Chupacabra {rF+ rC+ SInv Stlth-}
   (You found it on level 6 of the Dungeon)

   [ring of attention]

   It protects you from fire.
   It protects you from cold.
   It lets you see invisible.
   It makes you less stealthy.
Wands
 a - a wand of acid (2)
 l - a wand of flame (46)
 E - a wand of polymorph (8)
Scrolls
 e - 5 scrolls of remove curse
 h - 2 scrolls of teleportation
 m - 4 scrolls of immolation
 w - 6 scrolls of identify
 y - a scroll of amnesia
 z - a scroll of magic mapping
Potions
 g - 2 potions of cancellation
 n - a potion of flight
 r - 3 potions of brilliance {unknown}
 s - 5 potions of lignification
 t - 3 potions of curing
 u - a potion of berserk rage {unknown}
 A - a potion of haste
Comestibles
 f - 15 rations


   Skills:
 + Level 8.9 Fighting
 + Level 5.9 Short Blades
 + Level 5.9 Long Blades
 + Level 5.9 Axes
 + Level 5.9 Maces & Flails
 + Level 7.5 Polearms
 + Level 5.9 Staves
 + Level 5.9 Slings
 + Level 5.9 Bows
 + Level 5.9 Crossbows
 + Level 5.9 Throwing
 + Level 8.9 Armour
 + Level 5.9 Dodging
 + Level 5.9 Stealth
 + Level 8.9 Shields
 + Level 5.9 Unarmed Combat
 + Level 5.9 Spellcasting
 + Level 4.9 Conjurations
 + Level 4.9 Hexes
 + Level 4.9 Charms
 + Level 4.9 Summonings
 + Level 4.9 Necromancy
 + Level 4.9 Translocations
 + Level 4.9 Transmutations
 + Level 4.9 Fire Magic
 + Level 4.9 Ice Magic
 + Level 4.9 Air Magic
 + Level 4.9 Earth Magic
 + Level 4.9 Poison Magic
 + Level 6.5 Invocations
 + Level 5.9 Evocations


You had 21 spell levels left.
You didn't know any spells.
Your spell library contained the following spells:

 Spells                   Type           Power        Failure   Level  Hunger
 Animate Skeleton         Necr           N/A          3%          1    None
 Pain                     Necr           ##..         3%          1    None
 Regeneration             Chrm/Necr      ##........   9%          3    ###....
 Vampiric Draining        Necr           ##........   9%          3    ###....
 Animate Dead             Necr           N/A          28%         4    ####...


Dungeon Overview and Level Annotations

Branches:
Dungeon (10/15)            Temple (0/1) D:4
   Lair: D:8-11         Orc: D:9-12

Altars:
Cheibriados
Elyvilon
Gozag
Nemelex Xobeh
Okawaru
Qazlal
Ru
Trog
Wu Jian
Xom
Zin

Shops:
D:7 *

Annotations:
D:10 Snorg


Innate Abilities, Weirdness & Mutations

Your experience applies equally to all skills.
You have very sharp teeth.
Your uncanny sense of smell can sniff out nearby items.


Message History

* * * LOW HITPOINT WARNING * * *
Snorg completely misses you. x3; Snorg closely misses you.
Snorg claws you.
* * * LOW HITPOINT WARNING * * *
You are too injured to fight recklessly!
You are too injured to fight recklessly!
You are too injured to fight recklessly!
You hear a shout!
Snorg completely misses you. Snorg barely misses you. Snorg claws you!
* * * LOW HITPOINT WARNING * * *
You feel much better. Snorg barely misses you. x2
Snorg claws you but does no damage. Snorg misses you. Snorg claws you.
Snorg closely misses you.
You feel yourself speed up. Snorg completely misses you.
Snorg barely misses you. Snorg closely misses you.
You feel very buoyant.
You fly up into the air.
Snorg bites you!
* * * LOW HITPOINT WARNING * * *
Snorg closely misses you. Snorg claws you!
You die...
Your body crumbles into a pile of gold.

..... .....
#####.... .....
........ ...# .
###.##..####...#..
..................
..................
#......Y........
#....@T.........
#.....T####.....
#......# #..
#......# #......#
#.##..## #.###.##
.. #......# ...
#.^....####+##...


You could see Snorg (berserk), a troll and an ice beast.

Vanquished Creatures
  A two-headed ogre (D:9)
  An ugly thing (D:10)
  Maurice (D:9)
  A troll (D:10)
  Grinder (D:4)
  A hippogriff (D:9)
  Sigmund (D:6)
  A wyvern (D:8)
  An orc warrior (D:9)
  5 sky beasts
  5 ogres
  2 black bears
  4 phantoms
  3 centaurs
  3 big kobolds
  Blork the orc (D:4)
  2 gnoll sergeants
  4 bullfrogs
  A wyvern skeleton (D:9)
  2 jellies (D:5)
  2 scorpions
  A water moccasin skeleton (D:6)
  7 wights
  4 killer bees (D:9)
  5 crimson imps
  5 howler monkeys
  5 centaur zombies
  A bullfrog zombie (D:7)
  A quasit (D:7)
  A bullfrog skeleton (D:5)
  4 orc priests
  Crazy Yiuf (D:7)
  3 hounds
  A gnoll shaman (D:7)
  2 iguanas
  6 orc wizards
  10 worker ants
  A killer bee zombie (D:5)
  A hound zombie (D:6)
  A hound skeleton (D:4)
  Robin (D:2)
  A worker ant zombie (D:7)
  12 gnolls
  A howler monkey skeleton (D:4)
  5 adders
  A shadow imp (D:5)
  2 oozes (D:1)
  An adder skeleton (D:4)
  5 worms
  7 dart slugs
  2 leopard geckos (D:3)
  18 orcs
  6 giant cockroaches
  14 goblins
  9 hobgoblins
  16 jackals
  5 quokkas
  5 ball pythons
  7 bats
  6 frilled lizards
  17 kobolds
  A leopard gecko skeleton (D:4)
  A leopard gecko zombie (D:6)
  A quokka zombie (D:8)
  4 rats
251 creatures vanquished.

Vanquished Creatures (others)
  An ogre (D:4)
  A howler monkey (D:4)
  An orc wizard (D:4)
  A quokka (D:4)
4 creatures vanquished.

Grand Total: 255 creatures vanquished

Notes
Turn   | Place    | Note
-------+----------+-------------------------------------------
     0 | D:1      | Menchi the Gnoll Fighter began the quest for the Orb.
     0 | D:1      | Reached XP level 1. HP: 23/23 MP: 1/1
   112 | D:1      | Reached XP level 2. HP: 28/29 MP: 2/2
   232 | D:1      | Reached XP level 3. HP: 35/35 MP: 3/3
   510 | D:1      | Reached skill level 1 in Invocations
   928 | D:2      | You fall through a shaft!
  1009 | D:3      | Reached skill level 1 in Short Blades
  1009 | D:3      | Reached skill level 1 in Long Blades
  1009 | D:3      | Reached skill level 1 in Axes
  1009 | D:3      | Reached skill level 1 in Maces & Flails
  1009 | D:3      | Reached skill level 1 in Staves
  1009 | D:3      | Reached skill level 1 in Slings
  1009 | D:3      | Reached skill level 1 in Bows
  1009 | D:3      | Reached skill level 1 in Crossbows
  1009 | D:3      | Reached skill level 1 in Throwing
  1009 | D:3      | Reached skill level 1 in Dodging
  1009 | D:3      | Reached skill level 1 in Stealth
  1009 | D:3      | Reached skill level 1 in Unarmed Combat
  1009 | D:3      | Reached skill level 1 in Spellcasting
  1009 | D:3      | Reached skill level 1 in Evocations
  1026 | D:3      | Reached XP level 4. HP: 29/41 MP: 5/5
  1592 | D:2      | Noticed Robin
  1632 | D:2      | Reached skill level 1 in Conjurations
  1632 | D:2      | Reached skill level 1 in Hexes
  1632 | D:2      | Reached skill level 1 in Charms
  1632 | D:2      | Reached skill level 1 in Summonings
  1632 | D:2      | Reached skill level 1 in Necromancy
  1632 | D:2      | Reached skill level 1 in Translocations
  1632 | D:2      | Reached skill level 1 in Transmutations
  1632 | D:2      | Reached skill level 1 in Fire Magic
  1632 | D:2      | Reached skill level 1 in Ice Magic
  1632 | D:2      | Reached skill level 1 in Air Magic
  1632 | D:2      | Reached skill level 1 in Earth Magic
  1632 | D:2      | Reached skill level 1 in Poison Magic
  1639 | D:2      | Killed Robin
  1926 | D:2      | Found an opulent altar of Gozag.
  1938 | D:2      | Became a worshipper of Gozag Ym Sagoz the Greedy
  2047 | D:2      | Reached XP level 5. HP: 47/47 MP: 6/6
  2290 | D:3      | Found a bloodstained altar of Trog.
  2291 | D:3      | Found a sparkling altar of Nemelex Xobeh.
  2295 | D:3      | Found a shimmering altar of Xom.
  2501 | D:4      | Noticed Grinder
  2521 | D:4      | Killed Grinder
  2521 | D:4      | Reached skill level 5 in Polearms
  2521 | D:4      | Reached XP level 6. HP: 19/53 MP: 7/9
  2564 | D:4      | Found a staircase to the Ecumenical Temple.
  2657 | D:4      | Reached XP level 7. HP: 59/59 MP: 10/10
  2837 | D:4      | Found a shimmering altar of Xom.
  3090 | D:5      | Entered Level 5 of the Dungeon
  3095 | D:5      | Noticed Blork the orc
  3109 | D:4      | Killed Blork the orc
  3152 | D:5      | Reached XP level 8. HP: 54/67 MP: 12/12
  3628 | D:5      | Found a faded altar of an unknown god.
  3628 | D:5      | Found a faded altar of an unknown god.
  3633 | D:5      | Found an iron altar of Okawaru.
  3635 | D:5      | Found a white marble altar of Elyvilon.
  3636 | D:5      | Found an ornate altar of the Wu Jian Council.
  4008 | D:6      | Reached XP level 9. HP: 68/72 MP: 14/14
  4084 | D:6      | Got a steaming jade ring
  4174 | D:6      | Noticed Sigmund
  4196 | D:6      | Killed Sigmund
  4197 | D:6      | Found a snail-covered altar of Cheibriados.
  4433 | D:7      | Found Siaqeisch's General Store.
  4695 | D:7      | Found a runed translucent door.
  4696 | D:7      | Noticed Crazy Yiuf
  4843 | D:7      | Identified the ring of the Chupacabra {rF+ rC+ SInv Stlth-}
                  | (You found it on level 6 of the Dungeon)
  5022 | D:7      | Reached skill level 5 in Invocations
  5172 | D:7      | Reached XP level 10. HP: 66/80 MP: 15/17
  5304 | D:7      | Killed Crazy Yiuf
  5651 | D:8      | You fall through a shaft!
  5698 | D:9      | Reached skill level 5 in Short Blades
  5698 | D:9      | Reached skill level 5 in Long Blades
  5698 | D:9      | Reached skill level 5 in Axes
  5698 | D:9      | Reached skill level 5 in Maces & Flails
  5698 | D:9      | Reached skill level 5 in Staves
  5698 | D:9      | Reached skill level 5 in Slings
  5698 | D:9      | Reached skill level 5 in Bows
  5698 | D:9      | Reached skill level 5 in Crossbows
  5698 | D:9      | Reached skill level 5 in Throwing
  5698 | D:9      | Reached skill level 5 in Dodging
  5698 | D:9      | Reached skill level 5 in Stealth
  5698 | D:9      | Reached skill level 5 in Unarmed Combat
  5698 | D:9      | Reached skill level 5 in Spellcasting
  5698 | D:9      | Reached skill level 5 in Evocations
  5734 | D:9      | Noticed Maurice
  5773 | D:9      | Killed Maurice
  6371 | D:9      | Noticed a two-headed ogre
  6384 | D:9      | Killed a two-headed ogre
  6384 | D:9      | Reached XP level 11. HP: 52/87 MP: 19/19
  6590 | D:9      | Found a sacrificial altar of Ru.
  6590 | D:9      | Found a stormy altar of Qazlal.
  6591 | D:9      | Found a glowing silver altar of Zin.
  6657 | D:10     | Entered Level 10 of the Dungeon
  6714 | D:10     | Noticed a white ugly thing
  6720 | D:10     | Killed a white ugly thing
  6880 | D:10     | Noticed Snorg
  6896 | D:10     | Slain by Snorg

Skill      XL: |  1  2  3  4  5  6  7  8  9 10 |
---------------+-------------------------------+-----
Invocations    | 1 2 3 4 5 6 |  6.5
Short Blades   | 1 2 3 4 5 |  5.9
Long Blades    | 1 2 3 4 5 |  5.9
Axes           | 1 2 3 4 5 |  5.9
Maces & Flails | 1 2 3 4 5 |  5.9
Staves         | 1 2 3 4 5 |  5.9
Slings         | 1 2 3 4 5 |  5.9
Bows           | 1 2 3 4 5 |  5.9
Crossbows      | 1 2 3 4 5 |  5.9
Throwing       | 1 2 3 4 5 |  5.9
Dodging        | 1 2 3 4 5 |  5.9
Stealth        | 1 2 3 4 5 |  5.9
Unarmed Combat | 1 2 3 4 5 |  5.9
Spellcasting   | 1 2 3 4 5 |  5.9
Evocations     | 1 2 3 4 5 |  5.9
Conjurations   | 1 2 3 4 |  4.9
Hexes          | 1 2 3 4 |  4.9
Charms         | 1 2 3 4 |  4.9
Summonings     | 1 2 3 4 |  4.9
Necromancy     | 1 2 3 4 |  4.9
Translocations | 1 2 3 4 |  4.9
Transmutations | 1 2 3 4 |  4.9
Fire Magic     | 1 2 3 4 |  4.9
Ice Magic      | 1 2 3 4 |  4.9
Air Magic      | 1 2 3 4 |  4.9
Earth Magic    | 1 2 3 4 |  4.9
Poison Magic   | 1 2 3 4 |  4.9
Polearms       | 5 6 7 |  7.5
Fighting       | 7 8 |  8.9
Armour         | 7 8 |  8.9
Shields        | 7 8 |  8.9

Action                   |  1- 3 |  4- 6 |  7- 9 | 10-12 || total
-------------------------+-------+-------+-------+-------++-------
Melee: Trident           |   115 |   169 |     4 |       ||   288
       Bite              |     7 |    15 |    91 |    32 ||   145
       Falchion          |       |       |   359 |       ||   359
       Punch             |       |       |    10 |       ||    10
       Halberd           |       |       |    50 |   243 ||   293
Evoke: Wand              |       |       |       |     4 ||     4
  Use: Scroll            |       |     9 |     3 |     3 ||    15
       Potion            |       |       |     3 |     3 ||     6
 Stab: Sleeping          |       |     2 |     6 |     9 ||    17
       Distracted        |       |       |     5 |     3 ||     8
  Eat: Chunk             |       |     3 |       |       ||     3
       Ration            |       |     1 |     3 |     2 ||     6
Armor: Scale mail        |    46 |       |       |       ||    46
       Leather armour    |       |    24 |   140 |    61 ||   225
Dodge: Dodged            |    46 |   109 |   462 |   231 ||   848
       Rpst.: Falchion   |       |       |   114 |       ||   114
